 Dungeon Crawl Stone Soup version 0.27.1-3-gb3d3a73c9e (webtiles) character file.

Game seed: 10144852015833291719

4 Crownlay the Slasher (level 1, 18/20 HPs)
             Began as a Minotaur Berserker on Oct 23, 2021.
             Was a Follower of Trog.
             Quit the game on level 1 of the Dungeon on Oct 24, 2021.
             The game lasted 00:00:59 (177 turns).

Crownlay the Slasher (Minotaur Berserker)            Turns: 177, Time: 00:01:00

Health: 18/20      AC:  2    Str: 21    XL:     1   Next: 58%
Magic:  0/0        EV: 12    Int:  4    God:    Trog [*.....]
Gold:   38         SH:  0    Dex:  9    Spells: 0/0 levels left

rFire    . . .     SeeInvis .   a - +0 falchion
rCold    . . .     Faith    .   (no shield)
rNeg     . . .     Spirit   .   b - +0 animal skin
rPois    .         Reflect  .   (helmet restricted)
rElec    .         Harm     .   (no cloak)
rCorr    .         Rampage  .   (no gloves)
Will     .....                  (no boots)
Stlth    +.........             (no amulet)
HPRegen  0.06/turn              (no ring)
MPRegen  0.07/turn              (no ring)

@: no status effects
A: horns 2, retaliatory headbutt
a: Renounce Religion, Berserk


You were on level 1 of the Dungeon.
You worshipped Trog.
Trog was aware of your devotion.
You visited 1 branch of the dungeon, and saw 1 of its levels.

You collected 38 gold pieces.

Inventory:

Hand Weapons
 a - a +0 falchion (weapon)
Armour
 b - a +0 animal skin (worn)
Scrolls
 c - a scroll of identify {unknown}


   Skills:
 + Level 3.8 Fighting
 * Level 3.9 Long Blades
 - Level 2.4 Armour
 - Level 2.1 Dodging


You couldn't memorise any spells.
You didn't know any spells.
Your spell library was empty.

Dungeon Overview and Level Annotations

Branches:
Dungeon (1/15)

Altars:


Innate Abilities, Weirdness & Mutations

You have a pair of horns on your head.
You reflexively headbutt those who attack you in melee.


Message History

No target in view!
No target in view!
Welcome back, Crownlay the Minotaur Berserker.
Trog says: Kill them all!
Press ? for a list of commands and other information.
HP restored.
You open the door.
There is an open door here.
c - a scroll labelled RIUNOESAARGH A frilled lizard comes into view.
A frilled lizard comes into view.
The frilled lizard hisses angrily.
The frilled lizard closely misses you. You furiously retaliate!
You headbutt the frilled lizard!
You kill the frilled lizard!
Trog accepts your kill. The frilled lizard misses you.
You riposte.
You hit the frilled lizard.
You kill the frilled lizard!
Trog accepts your kill.
No target in view!
No target in view!
No target in view!
No target in view!
No target in view!
Found 17 gold pieces.
You now have 38 gold pieces (gained 17).
A goblin comes into view. It is wielding a +0 dagger.
The goblin shouts!
You hear a shout!
The goblin hits you with a +0 dagger.
You hit the goblin.
You kill the goblin!
Trog accepts your kill.
No target in view!
No target in view!
No target in view!
No target in view!
A goblin comes into view. It is wielding a +0 club.
Autopickup is now off.
Autopickup is now on.
Are you sure you want to abandon this character and quit the game? (Confirm with "yes".)

........# #............#.....
.......####............#.....
...........#............
...........#............
........................
...........#+#..........
........................
#...............#.#.....
......)@........#.#.....
................+.#.....
..........###...##.....#
g...##....# ....... ... ...
######........ .. ........ .
.....


You could see a goblin.

Vanquished Creatures
  A bat (D:1)
  A hobgoblin (D:1)
  2 frilled lizards (D:1)
  A goblin (D:1)
5 creatures vanquished.

Notes
Turn   | Place    | Note
-------+----------+-------------------------------------------
     0 | D:1      | Crownlay the Minotaur Berserker began the quest for the
                  | Orb.
     0 | D:1      | Reached XP level 1. HP: 19/19 MP: 0/0
     7 | D:1      | Noticed a redback
     7 | D:1      | Noticed a swamp worm
     7 | D:1      | Noticed an anaconda
     8 | D:1      | Noticed a hound
     8 | D:1      | Noticed a polar bear
   177 | D:1      | Quit the game

Illustrated notes

Levels and vault maps discovered:
D:1:      onia_arrival_zoo_common, layout_basic,
          shapermc_ecumenical_altar_ellora

Action                   || total
-------------------------++-------
Melee: Falchion          ||     4
       Headbutt          ||     1
Armor: Animal skin       ||     1
Dodge: Dodged            ||     3
       Rpst.: Falchion   ||     1
